 Dungeon Crawl Stone Soup version 0.31-a0-1-g4198be8af4 (webtiles) character file.

Game seed: 17309699809833139841

407 Jase the Cudgeller (level 6, 0/38 HPs)
             Began as a Gargoyle Fighter on May 1, 2023.
             Killed by nerve-wracking pain
             ... invoked by an orc priest
              (5 damage)
             ... on level 5 of the Dungeon.
             The game lasted 00:06:09 (2944 turns).

Jase the Cudgeller (Gargoyle Fighter)               Turns: 2944, Time: 00:06:10

Health: 0/38       AC: 17    Str: 21    XL:     6   Next: 88%
Magic:  6/6        EV:  6    Int:  9    God:
Gold:   276        SH:  0    Dex:  9    Spells: 5/5 levels left

rFire   + . .        a - +0 flail
rCold   . . .        (no shield)
rNeg    + . .        n - +0 plate armour
rPois   ∞            (no helmet)
rElec   +            (no cloak)
rCorr   .            (no gloves)
SInv    .            g - +0 pair of boots
Will    .....        (no amulet) Stlth
                     j - ring of protection from fire
HPRegen 0.26/turn    (no ring)
MPRegen 0.10/turn

%: no passive effects
@: no status effects
A: sickness immunity, AC +4, negative energy resistance 1, electricity
resistance, torment resistance 1, petrification resistance
a: no special abilities


You were on level 5 of the Dungeon.
You visited 1 branch of the dungeon, and saw 5 of its levels.

You collected 276 gold pieces.

Inventory:

Hand Weapons
 a - a +0 flail (weapon)
Armour
 g - a +0 pair of boots (worn)
 n - a +0 plate armour (worn)
Jewellery
 j - a ring of protection from fire (left hand)
Scrolls
 e - 3 scrolls of identify {unknown}
 h - a scroll of summoning {unknown}
 i - a scroll of blinking {unknown}
 m - a scroll of poison {unknown}
 o - 2 scrolls of fear {unknown}
 p - a scroll of teleportation {unknown}
Potions
 b - a potion of cancellation {unknown}
 c - a potion of ambrosia {unknown}
 d - a potion of might
 f - 2 potions of curing {unknown}
 k - 2 potions of lignification {unknown}
 l - a potion of degeneration {unknown}
 q - a potion of heal wounds {unknown}


   Skills:
 - Level 3.6 Fighting
 * Level 6.8 Maces & Flails
 - Level 3.6 Armour
 - Level 3.2 Shields


You had 5 spell levels left.
You didn't know any spells.
Your spell library contained the following spells:

 Spells                   Type           Power      Damage    Failure   Level
 Blink                    Tloc           0%         N/A       100%        2
 Ensorcelled Hibernation  Hex/Ice        0%         N/A       100%        2
 Lesser Beckoning         Tloc           0%         N/A       100%        2
 Momentum Strike          Conj/Tloc      0%         3d8       100%        2
 Spider Form              Tmut/Pois      0%         N/A       100%        3
 Anguish                  Hex/Necr       0%         N/A       100%        4


Dungeon Overview and Level Annotations

Branches:
Dungeon (5/15)             Temple (0/1) D:4

Altars:


Innate Abilities, Weirdness & Mutations

You are immune to sickness and miasma.
Your stone body is resilient. (AC +4)
You are immune to poison.
You resist negative energy. (rN+)
You are resistant to electric shocks. (rElec)
You are resistant to unholy torment.
You are immune to petrification.


Message History

The orc hits you with a +0 war axe.
* * * LOW HITPOINT WARNING * * *
You barely miss the orc.
The orc is severely wounded.
The orc hits you but does no damage. x2
You hit the orc.
You kill the orc!
You barely miss the orc. The orc barely misses you.
Unknown command.
You hit the orc but do no damage. The orc hits you but does no damage.
The orc priest casts a cantrip, but nothing happens.
You closely miss the orc. The orc barely misses you.
You closely miss the orc. The orc closely misses you.
You hit the orc.
The orc is heavily wounded.
The orc hits you but does no damage.
You hit the orc.
You kill the orc!
You hit the orc priest but do no damage.
The orc priest hits you with a +0 dagger.
* * * LOW HITPOINT WARNING * * *
You hit the orc priest but do no damage.
The orc priest hits you but does no damage.
You hit the orc priest.
The orc priest is moderately wounded.
The orc priest hits you but does no damage.
You hit the orc priest.
The orc priest is heavily wounded.
The orc priest hits you but does no damage.
You barely miss the orc priest.
The orc priest is heavily wounded.
The orc priest hits you but does no damage.
You barely miss the orc priest.
The orc priest is heavily wounded.
The orc priest hits you but does no damage.
You sock the orc priest!
The orc priest is almost dead.
The orc priest mumbles some strange prayers to Beogh against you.
Pain shoots through your body!
You die...

###+#### #......
....< ... #o# #o#
# #@# .#
..#####.####.#
.............####
.................
....#...#.#######
.#...............
#
#.......########.#
#.................
#................#


You could see an orc priest and an orc.

Vanquished Creatures
  2 scorpions
  An orc priest (D:3)
  2 sleepcaps (D:4)
  4 adders
  4 gnolls
  A white imp (D:5)
  An ufetubus (D:5)
  A worm (D:4)
  7 dart slugs
  6 orcs
  10 ball pythons
  5 bats
  10 endoplasms
  6 giant cockroaches
  4 goblins
  10 hobgoblins
  10 kobolds
  3 quokkas
  2 frilled lizards (D:1)
  5 rats
94 creatures vanquished.

Notes
Turn   | Place    | Note
-------+----------+-------------------------------------------
     0 | D:1      | Jase the Gargoyle Fighter began the quest for the Orb.
     0 | D:1      | Reached XP level 1. HP: 14/14 MP: 1/1
   118 | D:1      | Reached XP level 2. HP: 19/19 MP: 2/2
   751 | D:2      | Reached XP level 3. HP: 17/23 MP: 3/3
   888 | D:2      | Reached skill level 3 in Maces & Flails
   969 | D:2      | Reached XP level 4. HP: 23/29 MP: 4/4
  1391 | D:3      | Reached skill level 4 in Maces & Flails
  1689 | D:3      | Reached XP level 5. HP: 17/33 MP: 5/5
  1829 | D:3      | Reached skill level 5 in Maces & Flails
  2004 | D:4      | Found a staircase to the Ecumenical Temple.
  2285 | D:4      | Reached XP level 6. HP: 38/38 MP: 6/6
  2344 | D:4      | Reached skill level 6 in Maces & Flails
  2855 | D:5      | Entered Level 5 of the Dungeon
  2944 | D:5      | Killed from afar by an orc priest

Illustrated notes

Levels and vault maps discovered:
D:1:      dpeg_arrival_another_circle, layout_basic, hangedman_decor_opposing
D:2:      layout_rooms
D:3:      layout_basic
D:4:      cheibrodos_old_hovel, layout_basic,
          minmay_temple_entry_statues_fountains
D:5:      layout_basic, chequers_serial_rivers_small_3, uniq_ijyb

Skill      XL: |  1  2  3  4  5  6 |
---------------+-------------------+-----
Maces & Flails | 3 4 5 6 |  6.8
Fighting       | |  3.6
Armour         | |  3.6
Shields        | |  3.2

Action                     |  1- 3 |  4- 6 || total
---------------------------+-------+-------++-------
  Melee: Flail             |   106 |   222 ||   328
         Punch             |     1 |     2 ||     3
 Armour: Scale mail        |    64 |    39 ||   103
         Plate armour      |       |   116 ||   116
  Dodge: Dodged            |    70 |    82 ||   152

Table legend: (Time is in decaauts)
 A = Elapsed time spent in this place.
 B = Non-inter-level travel time spent in this place.
 C = Inter-level travel time spent in this place.
 D = Time resting spent in this place.
 E = Time spent auto-exploring this place.
 F = Levels seen in this place.
 G = Mean time per level.
                   A        B        C        D        E       F      G
               +--------+--------+--------+--------+--------+-----+--------+
         Total |   3001 |   2841 |    160 |     22 |   2124 |   5 |  600.2 |
       Dungeon |   3001 |   2841 |    160 |     22 |   2124 |   5 |  600.2 |
               +--------+--------+--------+--------+--------+-----+--------+

Top non-repeatable levels by time:
     D:4: 808 daAuts
     D:1: 756 daAuts
     D:3: 742 daAuts
     D:2: 602 daAuts
     D:5: 91 daAuts
